 Dungeon Crawl Stone Soup version 0.29.0-4-gdea44cf6ec (webtiles) character file.

Game seed: 12601712128042063999

14 qw the Caller (level 2, -3/23 HPs)
             Began as a Ghoul Summoner on Sept 9, 2022.
             Slain by a kobold
             ... wielding a +2 short sword of flaming
              (4 damage)
             ... on level 1 of the Dungeon.
             The game lasted 00:00:21 (1248 turns).

qw the Caller (Ghoul Summoner)                      Turns: 1248, Time: 00:00:22

Health: -3/23      AC:  2    Str: 11    XL:     2   Next: 45%
Magic:  0/3        EV: 12    Int: 10    God:
Gold:   0          SH:  0    Dex:  9    Spells: 3/4 levels left

rFire   . . .      SeeInvis .   c - +0 short sword
rCold   + . .      Faith    .   (no shield)
rNeg    + + +      Spirit   .   a - +0 robe
rPois   inf        Reflect  .   (no helmet)
rElec   .          Harm     .   (no cloak)
rCorr   .          Rampage  .   (no gloves)
Will    .....                   (no boots)
Stlth   ++........              (no amulet)
HPRegen 0.00/turn               (no ring)
MPRegen 0.08/turn               (no ring)

@: inhibited regen
A: claws 1, cold resistance 1, negative energy resistance 3, inhibited
regeneration, torment resistance 2, devour on kill
a: no special abilities


You were on level 1 of the Dungeon.
You visited 1 branch of the dungeon, and saw 1 of its levels.


Innate Abilities, Weirdness & Mutations

You are immune to poison.
You have sharp fingernails.
Your flesh is cold resistant. (rC+)
You are immune to negative energy. (rN+++)
You do not regenerate when monsters are visible.
You are immune to unholy pain and torment.
You thrive by killing the living.


   Skills:
 - Level 1.1 Fighting
 + Level 1.4 Axes
 - Level 1.7 Dodging
 - Level 2.1 Stealth
 - Level 1.7 Spellcasting
 - Level 3.6 Summonings


You had 3 spell levels left.
You knew the following spells:

 Your Spells              Type           Power      Damage    Failure   Level
a - Summon Small Mammal   Summ           32%        N/A       8%          1

Your spell library contained the following spells:

 Spells                   Type           Power      Damage    Failure   Level
 Call Imp                 Summ           8%         N/A       11%         2
 Call Canine Familiar     Summ           8%         N/A       22%         3
 Summon Guardian Golem    Hex/Summ       4%         N/A       43%         3
 Summon Lightning Spire   Summ/Air       4%         N/A       83%         4

Inventory:

Hand Weapons
 c - a +0 short sword (weapon)
Armour
 a - a +0 robe (worn)
 e - a +0 pair of gloves
Scrolls
 d - 3 scrolls of teleportation {unknown}
 f - a scroll of noise {unknown}
 g - a scroll of fear {unknown}
Potions
 b - a potion of magic

Dungeon Overview and Level Annotations

Branches:
Dungeon (1/15)

Altars:


Message History

The kobold is moderately wounded.
The kobold hits you with a +2 short sword of flaming.
The kobold burns you.
You closely miss the kobold.
The kobold is moderately wounded.
The kobold hits you but does no damage.
1240 ||| CASTING Summon Small Mammal
Casting: Summon Small Mammal (safe; 8% risk of failure)
Confirm with . or Enter, or press ? or * to list all spells.
The kobold hits you with a +2 short sword of flaming.
The kobold burns you.
You hit the kobold but do no damage.
The kobold is moderately wounded.
The kobold hits you with a +2 short sword of flaming.
The kobold burns you.
You closely miss the kobold.
The kobold is moderately wounded.
The kobold barely misses you.
You hit the kobold but do no damage.
The kobold is moderately wounded.
The kobold barely misses you.
You closely miss the kobold.
The kobold is moderately wounded.
The kobold hits you with a +2 short sword of flaming.
The kobold burns you.
You barely miss the kobold.
The kobold is moderately wounded.
The kobold hits you with a +2 short sword of flaming.
The kobold burns you.
You closely miss the kobold.
The kobold is moderately wounded.
The kobold hits you with a +2 short sword of flaming.
The kobold burns you.
You hit the kobold but do no damage.
The kobold is moderately wounded.
The kobold barely misses you.
You hit the kobold.
The kobold is severely wounded.
The kobold hits you with a +2 short sword of flaming.
You die...

#### ...# ...#
...###############
...............rr#
################@#
...... ......K.#
########.#########
.........
..........
.#######.#
.#######.#
.........#
########.#


You could see a kobold (ally target) and 2 friendly rats.

Vanquished Creatures
  A hobgoblin (D:1)
  A jackal (D:1)
  A quokka (D:1)
  A ball python (D:1)
  A rat (D:1)
5 creatures vanquished.

Vanquished Creatures (collateral kills)
  2 hobgoblins (D:1)
  A jackal (D:1)
  A ball python (D:1)
  A bat (D:1)
  A frilled lizard (D:1)
  A goblin (D:1)
  2 kobolds (D:1)
  A rat (D:1)
10 creatures vanquished.

Grand Total: 15 creatures vanquished

Notes
Turn   | Place    | Note
-------+----------+-------------------------------------------
     0 | D:1      | qw the Ghoul Summoner began the quest for the Orb.
     0 | D:1      | Reached XP level 1. HP: 14/14 MP: 2/2
     0 | D:1      | 0 ||| qw: Version: 0.1-a-113-g051387a
     0 | D:1      | 0 ||| qw: Game counter: 7315
     0 | D:1      | 0 ||| qw: Always use a shield: true
     0 | D:1      | 0 ||| qw: God list: Okawaru
     0 | D:1      | 0 ||| qw: Allow faded altars: false
     0 | D:1      | 0 ||| qw: Do Orc after D:15 true
     0 | D:1      | 0 ||| qw: Do second Lair branch before Depths: true
     0 | D:1      | 0 ||| qw: Lair rune preference: random
     0 | D:1      | 0 ||| qw: Plans: Normal
     0 | D:1      | 0 ||| PLANNING D:1-11
    11 | D:1      | 11 ||| Wielding weapon +0 short sword.
    48 | D:1      | 48 ||| CASTING Summon Small Mammal
    49 | D:1      | 49 ||| CASTING Summon Small Mammal
    84 | D:1      | 84 ||| CASTING Summon Small Mammal
    85 | D:1      | 85 ||| CASTING Summon Small Mammal
   144 | D:1      | 144 ||| CASTING Summon Small Mammal
   145 | D:1      | 145 ||| CASTING Summon Small Mammal
   157 | D:1      | 157 ||| CASTING Summon Small Mammal
   303 | D:1      | 303 ||| CASTING Summon Small Mammal
   304 | D:1      | 304 ||| CASTING Summon Small Mammal
   337 | D:1      | 337 ||| CASTING Summon Small Mammal
   338 | D:1      | 338 ||| Stepping ~*~*~tactically~*~*~ (stealth).
   339 | D:1      | 339 ||| CASTING Summon Small Mammal
   343 | D:1      | 343 ||| Stepping ~*~*~tactically~*~*~ (outnumbered).
   344 | D:1      | Reached skill level 1 in Axes
   344 | D:1      | HP: 3/14 [hobgoblin (4)]
   629 | D:1      | 629 ||| CASTING Summon Small Mammal
   630 | D:1      | 630 ||| CASTING Summon Small Mammal
   641 | D:1      | 641 ||| CASTING Summon Small Mammal
   650 | D:1      | Reached XP level 2. HP: 10/22 MP: 0/3
   653 | D:1      | 653 ||| CASTING Summon Small Mammal
   653 | D:1      | HP: 5/22 [jackal (2)]
   660 | D:1      | Reached skill level 1 in Fighting
   950 | D:1      | 950 ||| CASTING Summon Small Mammal
   951 | D:1      | 951 ||| CASTING Summon Small Mammal
   966 | D:1      | 966 ||| CASTING Summon Small Mammal
   991 | D:1      | 991 ||| CASTING Summon Small Mammal
   992 | D:1      | 992 ||| CASTING Summon Small Mammal
   993 | D:1      | 993 ||| CASTING Summon Small Mammal
  1038 | D:1      | 1038 ||| CASTING Summon Small Mammal
  1039 | D:1      | 1039 ||| CASTING Summon Small Mammal
  1040 | D:1      | 1040 ||| CASTING Summon Small Mammal
  1096 | D:1      | 1096 ||| CASTING Summon Small Mammal
  1097 | D:1      | 1097 ||| CASTING Summon Small Mammal
  1098 | D:1      | 1098 ||| CASTING Summon Small Mammal
  1137 | D:1      | 1137 ||| CASTING Summon Small Mammal
  1138 | D:1      | 1138 ||| CASTING Summon Small Mammal
  1139 | D:1      | 1139 ||| CASTING Summon Small Mammal
  1228 | D:1      | 1228 ||| CASTING Summon Small Mammal
  1229 | D:1      | 1229 ||| CASTING Summon Small Mammal
  1230 | D:1      | 1230 ||| CASTING Summon Small Mammal
  1240 | D:1      | 1240 ||| CASTING Summon Small Mammal
  1245 | D:1      | HP: 4/23 [kobold/+2 short sword of flaming (3)]
  1246 | D:1      | HP: 1/23 [kobold/+2 short sword of flaming (1)]
  1248 | D:1      | Slain by a kobold

Levels and vault maps discovered:
D:1:      kennysheep_arrival_seaside, layout_basic

Skill      XL: |  1  2 |
---------------+-------+-----
Axes           | 1 |  1.4
Fighting       | 1 |  1.1
Dodging        | |  1.7
Stealth        | |  2.1
Spellcasting   | |  1.7
Summonings     | |  3.6

Action                   || total
-------------------------++-------
Melee: Short sword       ||    55
 Cast: Summon Small Mamm ||    32
Armor: Robe              ||     9
Dodge: Dodged            ||    37

Table legend:
 A = Non-vault XP
 B = Vault XP
 C = Vault XP percentage of total XP
 D = Non-vault monster count
 E = Vault monster count
 F = Vault count percentage of total count
                 A         B        C        D         E       F
            +---------+---------+-------+---------+---------+-------
      Total |      21 |       0 |   0.0 |      15 |       0 |   0.0
            +---------+---------+-------+---------+---------+-------
        D:1 |      21 |       0 |   0.0 |      15 |       0 |   0.0
            +---------+---------+-------+---------+---------+-------
